3AA
SPRINGFIELD SHOOTERS @ BILLINGS POLAR BEARS
08/01/2025
 
TOP OF THE 1ST
Springfield Shooters batting - Pitching for Billings Polar Bears : RHP Mark Sanders
Pitching: RHP Mark Sanders
Batting: LHB José Ruíz 0-0: Called Strike
0-1: Foul Ball, location: 2F
0-2: Ball
1-2: Strikes out swinging
Batting: LHB Gabriel Díaz 0-0: Ball
1-0: Swinging Strike
1-1: Called Strike
1-2: Strikes out looking
Batting: RHB Fernando Rivera 0-0: Ball
1-0: Swinging Strike
1-1: Swinging Strike
1-2: Strikes out swinging
Top of the 1st over - 0 run(s), 0 hit(s), 0 error(s), 0 left on base; Springfield 0 - Billings 0
BOTTOM OF THE 1ST
Billings Polar Bears batting - Pitching for Springfield Shooters : RHP Victor de Meij
Pitching: RHP Victor de Meij
Batting: RHB Roberto Hernández 0-0: Swinging Strike
0-1: Ball
1-1: Called Strike
1-2: Strikes out swinging
Batting: RHB Jorge Díaz 0-0: Ball
1-0: Foul Ball, location: 2F
1-1: Ball
2-1: Ground out 6-3 (Groundball, 56)
Batting: RHB Fokke Willemsen 0-0: Ball
1-0: Ground out 6-3 (Groundball, 6)
Bottom of the 1st over - 0 run(s), 0 hit(s), 0 error(s), 0 left on base; Springfield 0 - Billings 0
TOP OF THE 2ND
Springfield Shooters batting - Pitching for Billings Polar Bears : RHP Mark Sanders
Batting: LHB John Ennis 0-0: Ball
1-0: Ball
2-0: Called Strike
2-1: Foul Ball, location: 2F
2-2: Ball
3-2: Base on Balls
Batting: RHB Grady Walkinshaw 0-0: Called Strike
0-1: Ball
1-1: Foul Ball, location: 2F
1-2: Ball
2-2: Ball
3-2: Base on Balls
John Ennis to second
Batting: RHB Frank Crocker 0-0: Called Strike
0-1: Ball
1-1: Foul Ball, location: 2F
1-2: Foul Ball, location: 2F
1-2: Ball
Wild Pitch!
John Ennis to third
Grady Walkinshaw to second
2-2: Fly out, F9 (Line Drive, 9D)
Runner from 3rd tags up, SCORES, no throw
Batting: RHB Roberto Alonzo 0-0: Ball
1-0: Ball
2-0: Fly out, F4 (Popup, 4)
Batting: RHB Javier De Jesús 0-0: Called Strike
0-1: Ball
1-1: Ball
2-1: Ground out 4-3 (Groundball, 4)
Top of the 2nd over - 1 run(s), 0 hit(s), 0 error(s), 1 left on base; Springfield 1 - Billings 0
BOTTOM OF THE 2ND
Billings Polar Bears batting - Pitching for Springfield Shooters : RHP Victor de Meij
Batting: RHB Lúcio Marín 0-0: Called Strike
0-1: Foul Ball, location: 2F
0-2: Fly out, F9 (Flyball, 89M)
Batting: SHB Bernard Gauthier 0-0: Swinging Strike
0-1: Ball
1-1: Foul Ball, location: 2F
1-2: Ground out 4-3 (Groundball, 4S)
Batting: SHB Carlos Schultz 0-0: Called Strike
0-1: Foul Ball, location: 2F
0-2: Foul Ball, location: 2F
0-2: Strikes out looking
Bottom of the 2nd over - 0 run(s), 0 hit(s), 0 error(s), 0 left on base; Springfield 1 - Billings 0
TOP OF THE 3RD
Springfield Shooters batting - Pitching for Billings Polar Bears : RHP Mark Sanders
Batting: RHB Ty Struck 0-0: Ball
1-0: Ball
2-0: Called Strike
2-1: Swinging Strike
2-2: Ball
3-2: Strikes out looking
Batting: LHB José Ruíz 0-0: Called Strike
0-1: Swinging Strike
0-2: Ball
1-2: Ball
2-2: Ball
3-2: Base on Balls
Batting: LHB Gabriel Díaz 0-0: Ball
José Ruíz steals 2nd base
1-0: Ball
2-0: Ground out 4-3 (Groundball, 4M)
José Ruíz to third
Batting: RHB Fernando Rivera 0-0: Ball
1-0: Foul Ball, location: 2F
1-1: Swinging Strike
1-2: Ground out 6-3 (Groundball, 6)
Top of the 3rd over - 0 run(s), 0 hit(s), 0 error(s), 1 left on base; Springfield 1 - Billings 0
BOTTOM OF THE 3RD
Billings Polar Bears batting - Pitching for Springfield Shooters : RHP Victor de Meij
Batting: RHB Mike Brown 0-0: Ball
1-0: Called Strike
1-1: Fly out, F8 (Line Drive, 8LM)
Batting: RHB Nathan Landrum 0-0: Ground out 6-3 (Groundball, 6)
Batting: RHB Pierre Bernard 0-0: Called Strike
0-1: Ball
1-1: Bunt for hit - play at first, batter OUT! 2-3
Bottom of the 3rd over - 0 run(s), 0 hit(s), 0 error(s), 0 left on base; Springfield 1 - Billings 0
TOP OF THE 4TH
Springfield Shooters batting - Pitching for Billings Polar Bears : RHP Mark Sanders
Batting: LHB John Ennis 0-0: Ball
1-0: Foul Ball, location: 2F
1-1: Foul Ball, location: 2F
1-2: Ball
2-2: Fly out, F9 (Flyball, 9)
Batting: RHB Grady Walkinshaw 0-0: Fly out, F9 (Flyball, 9S)
Batting: RHB Frank Crocker 0-0: Called Strike
0-1: Ball
1-1: Swinging Strike
1-2: Fly out, F4 (Flyball, 34D)
Top of the 4th over - 0 run(s), 0 hit(s), 0 error(s), 0 left on base; Springfield 1 - Billings 0
BOTTOM OF THE 4TH
Billings Polar Bears batting - Pitching for Springfield Shooters : RHP Victor de Meij
Batting: RHB Roberto Hernández 0-0: Ball
1-0: Fly out, F5 (Line Drive, 56)
Batting: RHB Jorge Díaz 0-0: Called Strike
0-1: Fly out, F7 (Line Drive, 78M)
Batting: RHB Fokke Willemsen 0-0: Called Strike
0-1: Ball
1-1: Called Strike
1-2: Foul Ball, location: 2F
1-2: Foul Ball, location: 2F
1-2: Strikes out swinging
Bottom of the 4th over - 0 run(s), 0 hit(s), 0 error(s), 0 left on base; Springfield 1 - Billings 0
TOP OF THE 5TH
Springfield Shooters batting - Pitching for Billings Polar Bears : RHP Mark Sanders
Batting: RHB Roberto Alonzo 0-0: Ball
1-0: Called Strike
1-1: Ground out 4-3 (Groundball, 4)
Batting: RHB Javier De Jesús 0-0: Ground out 6-3 (Groundball, 6MS)
Batting: RHB Ty Struck 0-0: Called Strike
0-1: Swinging Strike
0-2: Foul Ball, location: 2F
0-2: Ball
1-2: Foul Ball, location: 2F
1-2: Foul Ball, location: 2F
1-2: Foul Ball, location: 2F
1-2: Strikes out swinging
Top of the 5th over - 0 run(s), 0 hit(s), 0 error(s), 0 left on base; Springfield 1 - Billings 0
BOTTOM OF THE 5TH
Billings Polar Bears batting - Pitching for Springfield Shooters : RHP Victor de Meij
Batting: RHB Lúcio Marín 0-0: Ball
1-0: Foul Ball, location: 2F
1-1: Ball
2-1: Foul Ball, location: 2F
2-2: Ball
3-2: Ground out 6-3 (Groundball, 6)
Batting: SHB Bernard Gauthier 0-0: Called Strike
0-1: Foul Ball, location: 2F
0-2: Foul Ball, location: 2F
0-2: Ball
1-2: Fly out, F9 (Flyball, 89D)
Batting: SHB Carlos Schultz 0-0: Called Strike
0-1: Ball
1-1: Ball
2-1: Foul Ball, location: 2F
2-2: Ball
3-2: Foul Ball, location: 2F
3-2: Base on Balls
Batting: RHB Mike Brown 0-0: Ball
1-0: Swinging Strike
1-1: Fly out, F5 (Line Drive, 56)
Bottom of the 5th over - 0 run(s), 0 hit(s), 0 error(s), 1 left on base; Springfield 1 - Billings 0
TOP OF THE 6TH
Springfield Shooters batting - Pitching for Billings Polar Bears : RHP Mark Sanders
Batting: LHB José Ruíz 0-0: Called Strike
0-1: Foul Ball, location: 2F
0-2: Ball
1-2: Ball
2-2: Strikes out swinging, 2-3 out at first.
Batting: LHB Gabriel Díaz 0-0: Ground out 4-3 (Groundball, 34)
Batting: RHB Fernando Rivera 0-0: Ball
1-0: Ball
2-0: Ball
3-0: Base on Balls
Pitching: LHP Vincent Bannon
Batting: LHB John Ennis 0-0: Ball
1-0: Called Strike
1-1: Swinging Strike
1-2: Ground out 4-3 (Groundball, 34)
Top of the 6th over - 0 run(s), 0 hit(s), 0 error(s), 1 left on base; Springfield 1 - Billings 0
BOTTOM OF THE 6TH
Billings Polar Bears batting - Pitching for Springfield Shooters : RHP Victor de Meij
Batting: RHB Nathan Landrum 0-0: Foul Ball, location: 2F
0-1: Called Strike
0-2: Ball
1-2: Strikes out looking
Batting: RHB Pierre Bernard 0-0: Called Strike
0-1: Called Strike
0-2: Fly out, F9 (Line Drive, 89M)
Batting: RHB Roberto Hernández 0-0: Called Strike
0-1: Swinging Strike
0-2: Ball
1-2: Ball
2-2: Ball
3-2: Foul Ball, location: 2F
3-2: SINGLE (Groundball, 6MD)
Batting: RHB Jorge Díaz 0-0: Called Strike
0-1: Foul Ball, location: 2F
0-2: Foul Ball, location: 2F
0-2: Ball
1-2: Fly out, F9 (Flyball, 89M)
Bottom of the 6th over - 0 run(s), 1 hit(s), 0 error(s), 1 left on base; Springfield 1 - Billings 0
TOP OF THE 7TH
Springfield Shooters batting - Pitching for Billings Polar Bears : LHP Vincent Bannon
Batting: RHB Grady Walkinshaw 0-0: Ball
1-0: Swinging Strike
1-1: Foul Ball, location: 2F
1-2: Strikes out swinging
Batting: RHB Frank Crocker 0-0: Called Strike
0-1: Swinging Strike
0-2: Foul Ball, location: 2F
0-2: Strikes out looking
Batting: RHB Roberto Alonzo 0-0: Ball
1-0: Fly out, F9 (Flyball, 9S)
Top of the 7th over - 0 run(s), 0 hit(s), 0 error(s), 0 left on base; Springfield 1 - Billings 0
BOTTOM OF THE 7TH
Billings Polar Bears batting - Pitching for Springfield Shooters : RHP Victor de Meij
Batting: RHB Fokke Willemsen 0-0: Fly out, F8 (Flyball, 8RM)
Batting: RHB Lúcio Marín 0-0: Ball
1-0: Foul Ball, location: 2F
1-1: Ball
2-1: Ball
3-1: Base on Balls
Pinch Hitting: LHB Rubén Ruíz 0-0: Ball
1-0: Ball
2-0: Swinging Strike
2-1: Foul Ball, location: 2F
2-2: Grounds into double play, 6-4-3 (Groundball, 56)
Bottom of the 7th over - 0 run(s), 0 hit(s), 0 error(s), 0 left on base; Springfield 1 - Billings 0
TOP OF THE 8TH
Springfield Shooters batting - Pitching for Billings Polar Bears : LHP Vincent Bannon
Now at 2B: Arturo Mateo
Batting: RHB Javier De Jesús 0-0: SINGLE (Groundball, 34D)
Pitching: RHP Serafino Abreu
Batting: RHB Ty Struck 0-0: Bunted foul
0-1: Ball
1-1: Bunt - Flyout! F1
Batting: LHB José Ruíz 0-0: Ball
1-0: Foul Ball, location: 2F
1-1: Ball
Wild Pitch!
Javier De Jesús to second
2-1: Ball
3-1: Called Strike
3-2: Strikes out swinging
Batting: LHB Gabriel Díaz 0-0: Foul Ball, location: 2F
0-1: Foul Ball, location: 2F
0-2: Strikes out swinging
Top of the 8th over - 0 run(s), 1 hit(s), 0 error(s), 1 left on base; Springfield 1 - Billings 0
BOTTOM OF THE 8TH
Billings Polar Bears batting - Pitching for Springfield Shooters : RHP Victor de Meij
Batting: SHB Carlos Schultz 0-0: Called Strike
0-1: Ball
1-1: Ball
2-1: Fly out, F6 (Line Drive, 6)
Batting: RHB Mike Brown 0-0: Called Strike
0-1: Ball
1-1: Foul Ball, location: 2F
1-2: Foul Ball, location: 2F
1-2: SINGLE (Groundball, 56D)
Batting: RHB Nathan Landrum 0-0: Ball
1-0: Swinging Strike
1-1: Ball
2-1: Called Strike
2-2: Foul Ball, location: 2F
2-2: Strikes out swinging
Pitching: LHP Jim Unknown
Batting: RHB Pierre Bernard 0-0: SINGLE (Line Drive, 6MD)
Mike Brown to second
Batting: RHB Roberto Hernández 0-0: Ball
1-0: Ball
2-0: Swinging Strike
2-1: TRIPLE (Line Drive, 8LD)
Mike Brown scores
Pierre Bernard scores
Batting: RHB Jorge Díaz 0-0: Ball
1-0: Ball
2-0: Fly out, F9 (Flyball, 9S)
Bottom of the 8th over - 2 run(s), 3 hit(s), 0 error(s), 1 left on base; Springfield 1 - Billings 2
TOP OF THE 9TH
Springfield Shooters batting - Pitching for Billings Polar Bears : RHP Serafino Abreu
Pitching: RHP José Maestas
Batting: RHB Fernando Rivera 0-0: Ball
1-0: Called Strike
1-1: Swinging Strike
1-2: Strikes out swinging
Batting: LHB John Ennis 0-0: Fly out, F9 (Flyball, 9)
Batting: RHB Grady Walkinshaw 0-0: Called Strike
0-1: Called Strike
0-2: Foul Ball, location: 2F
0-2: Fly out, F8 (Line Drive, 8LD)
Top of the 9th over - 0 run(s), 0 hit(s), 0 error(s), 0 left on base; Springfield 1 - Billings 2
Friday, December 30th, 2016 - OOTP Baseball 17.12 Build 75